[Event "Kvika Banki League Iceland 2022-23"]
[Site "Reykjavik"]
[Date "2022.10.14"]
[Round "2.19"]
[White "Gretarsson, Hjorvar Steinn"]
[Black "Ragnarsson, Dagur"]
[Result "1-0"]
[ECO "B44"]
[WhiteElo "2533"]
[BlackElo "2348"]
[Annotator "TA"]
[PlyCount "93"]
[EventDate "2022.10.13"]
[EventType "team-tourn"]
[EventCountry "ISL"]
[SourceTitle "playchess.com"]
[Source "ChessBase"]
[SourceQuality "1"]
[TimeControl "5400+30"]

1. e4 c5 2. Nf3 e6 3. d4 cxd4 4. Nxd4 Nc6 5. Qd3 Nxd4 6. Qxd4 {[%emt 0:00:36] [#] B44: Sicilian: Taimanov: 5 Nb5.} a6 $146 ({Predecessor:} 6... Nf6 7. Bg5 Be7 8. Bd3 h6 9. Bh4 a6 10. Nd2 b6 11. e5 Nd5 12. Bxe7 Nxe7 {1-0 (33) Dorner,H (1777)-Wissmeier,B (1681) Buechenbach 2001}) 7. c4 Ne7 8. Nc3 {[%emt 0:05:06] White is slightly better.} Nc6 9. Qd2 Bc5 10. b3 O-O 11. Bb2 Re8 12. Be2 Nd4 (12... d6 {looks sharper.} 13. O-O Qh4 14. Na4 Rd8) 13. O-O b6 14. Na4 (14. Bh5 {keeps more tension.} a5 15. Nd5 e5 16. Kh1) 14... Nxe2+ 15. Qxe2 Bf8 16. Rfd1 d6 17. Bd4 Rb8 18. Nc3 b5 19. c5 Qc7 20. cxd6 Bxd6 21. e5 Ba3 22. Ne4 Bb7 23. Nd6 $1 Red8 (23... Bxd6 24. exd6 Qd7 25. Qg4 $16) 24. Bb2 Bxb2 (24... Bxd6 25. exd6 Qd7 26. Rac1 $16) 25. Qxb2 Qc6 26. f3 {[%emt 0:02:38] Active counter play!} Qb6+ 27. Qf2 Qxf2+ 28. Kxf2 Bd5 29. Rac1 f6 30. f4 g5 (30... a5 $11) 31. Kg3 Rd7 {[%emt 0:00:16] [#]} (31... Rf8 $11) 32. Ne4 $1 $16 gxf4+ 33. Kxf4 (33. Kh3 $16 Rg7 34. Nxf6+ Kh8 35. Rd2 (35. Nxd5 exd5 36. Rc6 Rbg8 $16)) 33... fxe5+ $14 34. Kxe5 {[%emt 0:00:08] Strongly threatening Nf6+.} Rg7 ({Black should try} 34... Rf7 $14) 35. Nf6+ $16 Kh8 36. g4 $1 (36. Nxd5 $6 exd5 37. Rg1 (37. Rxd5 Rxg2 38. a4 bxa4 $15) 37... Re8+ 38. Kxd5 Rd8+ 39. Ke6 Re8+ 40. Kd5 Rd8+ 41. Kc5 Rd2 $14) 36... Rg5+ 37. Kf4 h6 (37... Rg7 38. Nxd5 Rf8+ 39. Kg3 exd5 40. Rxd5 Rgf7) 38. h4 (38. Rc7 $142 Rg7 39. Nxd5 exd5 40. Rxg7 Kxg7 41. Rxd5) 38... Rg7 $18 39. Ke5 a5 40. Rd2 {[%emt 0:01:12] Hoping for Rdc2.} (40. Nxd5 $6 exd5 41. Rg1 (41. Kxd5 Rxg4 42. Kc6 Rxh4 $11) 41... Rd8 $14) 40... a4 $2 (40... Rf8 {is tougher.} 41. Rc5 (41. Nxd5 exd5 42. Rg1 Re8+ 43. Kd6 Rd8+ 44. Kc5 a4 $14) 41... Rb7) 41. bxa4 $2 (41. Rdc2 {White wants to mate with Rc8+.} Rgb7 42. Rc8+ (42. Nxd5 exd5 43. Rc6 axb3 $16) 42... Rxc8 43. Rxc8+ Kg7 44. g5 (44. Nxd5 exd5 45. Kxd5 Rd7+ 46. Kc5 axb3 $16) 44... hxg5 45. Rg8+ (45. Nxd5 exd5 46. hxg5 Re7+ 47. Kf5 Rf7+ 48. Kg4 a3 $11) 45... Kf7 46. hxg5) 41... bxa4 42. Rdc2 {[%emt 0:00:06] Intending Rc8+ and mate.} ({And not} 42. Nxd5 exd5 43. Rg2 (43. Rxd5 Rxg4 44. Rc7 Kg8 $11) 43... Rb4 $11) 42... Rgb7 43. a3 $1 ({But not} 43. Nxd5 $6 exd5 44. Kxd5 Rb2 $16) 43... Kg7 $2 {[%emt 0:01:09] [#]} (43... Rb5 44. Rc7 Ba2+ 45. Kf4 R5b7) 44. Rc7+ $1 Rxc7 45. Rxc7+ {[%emt 0:00:06] White mates.} Kg6 {[%emt 0:00:24] [#]} 46. Nh5 $1 Be4 47. Kxe4 {Weighted Error Value: White=0.25 (precise) /Black=0.38} 1-0

[Event "Kvika Banki League Iceland 2022-23"]
[Site "Reykjavik"]
[Date "2022.10.14"]
[Round "2.20"]
[White "Bjornsson, Sigurbjorn"]
[Black "Stefansson, Hannes"]
[Result "0-1"]
[ECO "C77"]
[WhiteElo "2308"]
[BlackElo "2527"]
[Annotator "TA"]
[PlyCount "78"]
[EventDate "2022.10.13"]
[EventType "team-tourn"]
[EventCountry "ISL"]
[SourceTitle "playchess.com"]
[Source "ChessBase"]
[SourceQuality "1"]
[TimeControl "5400+30"]

1. e4 e5 2. Nf3 Nc6 3. Bb5 a6 4. Ba4 Nf6 5. d3 d6 6. c3 g6 7. O-O Bg7 8. h3 O-O 9. Bg5 h6 {[%emt 0:01:51] C77: Ruy Lopez: 3...a6 4 Ba4 Nf6, unusual lines.} 10. Be3 b5 11. Bc2 d5 {[%emt 0:02:37] [#] The position is equal.} 12. a4 $146 {[%emt 0:02:16] [#] axb5 is the strong threat.} ({Predecessor:} 12. Nbd2 g5 13. d4 g4 14. Nxe5 Nxe5 15. dxe5 Nd7 16. Qxg4 Nxe5 17. Qg3 Kh8 18. exd5 {1-0 (39) Atehortua,J (1765)-Dominguez Rincon,M (2106) Santa Rosa 2021}) 12... Be6 13. Qc1 Kh7 14. Bc5 Re8 15. axb5 axb5 16. Rxa8 Qxa8 17. Nbd2 Nd7 18. exd5 Bxd5 19. Ba3 f5 20. Re1 Nf6 21. b4 (21. g3 $15) 21... Nh5 (21... e4 $19 22. dxe4 fxe4) 22. Bb2 $15 Nf4 23. Re3 Bf7 {[%emt 0:05:41] Black is much more active.} 24. Bb1 g5 25. Qf1 Bg6 26. c4 (26. Re1 $11) 26... e4 $17 ({Much worse is} 26... Nxb4 $6 27. Bxe5 bxc4 28. dxc4 $14) 27. dxe4 ({Avoid the trap} 27. Bxg7 $2 exf3 28. Nxf3 (28. Rxe8 $2 Qxe8 29. Nxf3 Kxg7 $19) 28... Kxg7 $19) 27... Bxb2 28. exf5 (28. g3 $17 {was worth a try.} Nxh3+ 29. Qxh3) 28... Bf7 $19 29. Ne4 (29. Be4 $142 bxc4 30. Nxc4) 29... Bxc4 30. Qe1 Kh8 31. Qd2 Ba1 32. f6 {[%emt 0:01:26] [#] aiming for Qd7.} Rd8 {[%emt 0:00:37] Prevents Qd7.} 33. Qc2 (33. Qe1 $142 Nd5 34. Nfd2) 33... Nxb4 34. Qc1 Nbd5 35. Nexg5 hxg5 36. Qc2 Nxf6 {[%emt 0:00:53] And now ...Rd3 would win.} 37. Qf5 Rd5 38. Re5 Bxe5 39. Qxg5 Ne2+ {[%emt 0:01:07] Weighted Error Value: White=0.93/Black=0.14 (very precise)} 0-1

[Event "Kvika Banki League Iceland 2022-23"]
[Site "Reykjavik"]
[Date "2022.10.14"]
[Round "2.21"]
[White "Movsziszian, Karen"]
[Black "Johannesson, Oliver"]
[Result "1-0"]
[ECO "B20"]
[WhiteElo "2474"]
[BlackElo "2205"]
[Annotator "TA"]
[PlyCount "91"]
[EventDate "2022.10.13"]
[EventType "team-tourn"]
[EventCountry "ISL"]
[SourceTitle "playchess.com"]
[Source "ChessBase"]
[SourceQuality "1"]
[TimeControl "5400+30"]

1. e4 c5 2. d3 Nc6 3. g3 g6 4. Bg2 Bg7 5. f4 d6 6. Nf3 e6 7. O-O Nge7 8. c3 O-O 9. Be3 b6 10. Na3 Ba6 11. Re1 Rc8 {[%emt 0:15:19] B20: Sicilian: Unusual White 2nd moves.} 12. Nc2 Qd7 13. Bf2 b5 ({Better is} 13... e5 $11) 14. d4 $14 cxd4 15. cxd4 d5 16. e5 b4 {[%emt 0:01:07] [#]} 17. Ne3 $146 ({Predecessor:} 17. g4 Qb7 18. Ne3 Bh6 19. Bg3 Na5 20. Bh4 Bxf4 21. Bh3 Nc4 22. Ng2 Bh6 23. Rb1 {1-0 (64) Kuzmicz,K (2460)-Weichhold,P (2425) Zgierz 2018}) 17... Nf5 (17... Rc7 $11 {remains equal.}) 18. Nf1 ({White should try} 18. Nxf5 $16 gxf5 19. Nd2) 18... Bxf1 (18... Na5 $11) 19. Bxf1 $16 Na5 20. Ba6 Rc7 21. b3 {[%emt 0:03:35] Inhibits Nc4.} Rc3 22. Qe2 Qc7 23. Bd3 Ne7 24. Rad1 Nb7 25. Ba6 (25. Be3 $142) 25... Qb6 26. Kg2 Rfc8 27. Rd2 {[%emt 0:00:05] Inhibits Rc2.} R8c6 28. Bb5 {[%emt 0:00:28] This bishop pair is nice.} Rc7 29. Red1 a5 30. Be1 Nd8 31. Ba4 Nf5 {[%emt 0:00:38] [#] aiming for ...Ne3+.} 32. Bf2 {[%emt 0:01:28] Inhibits Ne3+.} Nc6 33. g4 Nfe7 34. Bh4 h6 35. Bf6 Kf8 36. Qf2 Ng8 37. Bxg7+ Kxg7 38. f5 exf5 39. gxf5 gxf5 40. Bxc6 R7xc6 41. Nh4 Ne7 42. Kh1 Kh7 $2 (42... Kf8 $11 {and Black has nothing to worry.}) 43. Nxf5 $18 Ng6 {[%emt 0:00:22] [#]} (43... Nxf5 {was called for.} 44. Qxf5+ Rg6 45. Qxf7+ Rg7 46. Qxd5 Re3) 44. Ne7 $1 Nxe7 (44... Nh8 45. Nxd5) 45. Qxf7+ Kh8 46. Qe8+ {[%emt 0:00:53] Weighted Error Value: White=0.12 (very precise) /Black=0.52} 1-0

[Event "Kvika Banki League Iceland 2022-23"]
[Site "Reykjavik"]
[Date "2022.10.14"]
[Round "2.22"]
[White "Halldorsson, Jon Arni"]
[Black "Arngrimsson, Dagur"]
[Result "0-1"]
[ECO "D45"]
[WhiteElo "2057"]
[BlackElo "2377"]
[Annotator "TA"]
[PlyCount "92"]
[EventDate "2022.10.13"]
[EventType "team-tourn"]
[EventCountry "ISL"]
[SourceTitle "playchess.com"]
[Source "ChessBase"]
[SourceQuality "1"]
[TimeControl "5400+30"]

1. d4 {[%emt 0:00:03] Lutz,C} d5 2. Nf3 c6 3. e3 Nf6 4. c4 e6 5. Nc3 Nbd7 6. Qc2 b6 7. Bd3 Bb7 8. O-O Be7 9. e4 {[%emt 0:01:45] D45: Semi-Slav: 5 e3.} dxe4 10. Nxe4 Nxe4 11. Bxe4 {[%emt 0:00:08] The position is equal.} Nf6 {[%emt 0:00:03] [#]} 12. Bg5 $146 (12. Re1 $11) ({Predecessor:} 12. Ne5 Rc8 13. Rd1 Nxe4 14. Qxe4 O-O 15. Bf4 Ba8 16. Rd3 c5 17. Qe3 Qe8 18. d5 exd5 19. cxd5 {1-0 (34) Mamedyarov,S (2646)-Timofeev,A (2578) Moscow 2004 CBM 100 [Lutz,C]}) 12... Nxe4 $15 13. Bxe7 Qxe7 14. Qxe4 c5 15. Qe3 cxd4 (15... Rd8 $5 ) 16. Nxd4 O-O 17. Rfd1 Rfd8 18. b3 Rd7 19. Nc2 Rad8 20. Qe2 f5 21. Rxd7 Qxd7 22. Re1 Be4 23. f3 Bd3 24. Qf2 Bxc2 25. Qxc2 $11 {[%emt 0:00:06][%mdl 4096] Endgame KQR-KQR} Kf7 26. Qe2 Qd4+ 27. Qe3 Qxe3+ (27... Kf6 {looks sharper.} 28. Kf2 Qc5 29. f4 Rd2+) 28. Rxe3 {[%emt 0:00:04] KR-KR} Rd2 29. a3 g5 30. Rc3 $1 Ra2 31. a4 Rb2 32. c5 bxc5 33. Rxc5 Kf6 34. Ra5 Rxb3 35. Rxa7 Rb1+ 36. Kf2 Rb2+ 37. Kf1 h5 38. a5 Ke5 39. a6 (39. Rg7 $11) 39... Ra2 $17 40. h4 (40. g3 $17 {is a better defense.}) 40... gxh4 $19 41. Rh7 $2 {[%emt 0:04:26] [#]} (41. Rb7) 41... h3 {[%emt 0:00:19] Black is clearly winning.} 42. gxh3 Rxa6 {[%emt 0:01:11] Hoping for ...Kf4.} 43. Rxh5 Kf4 44. Ke2 Ra2+ 45. Kd3 Kxf3 46. Kd4 Ra5 {[%emt 0:00:20] Weighted Error Value: White=0.44/Black=0.03 (flawless)} 0-1

[Event "Kvika Banki League Iceland 2022-23"]
[Site "Reykjavik"]
[Date "2022.10.14"]
[Round "2.23"]
[White "Petersson, Baldur Teodor"]
[Black "Finnsson, Johann Arnar"]
[Result "1-0"]
[ECO "C45"]
[WhiteElo "2230"]
[BlackElo "1891"]
[Annotator "TA"]
[PlyCount "67"]
[EventDate "2022.10.13"]
[EventType "team-tourn"]
[EventCountry "ISL"]
[SourceTitle "playchess.com"]
[Source "ChessBase"]
[SourceQuality "1"]
[TimeControl "5400+30"]

1. e4 e5 2. Nf3 Nc6 3. Nc3 Nf6 4. Be2 Be7 5. d4 exd4 6. Nxd4 Nxd4 7. Qxd4 d6 8. h3 {[%emt 0:01:25] C45: Scotch Game.} (8. e5 dxe5 9. Qxe5 O-O $11) 8... O-O 9. O-O h6 (9... Nd7 {keeps more tension.} 10. Nd5 Bh4 11. Be3 Nb6) 10. Be3 {[%emt 0:01:29] White is slightly better.} Re8 {[%emt 0:03:04] [#]} 11. f4 $146 ({Predecessor:} 11. Rae1 Bf8 12. f4 a6 13. Bf3 Rb8 14. Qd3 c5 15. Rd1 Be6 16. f5 Bd7 17. Nd5 Nxd5 18. exd5 {0-1 (44) Toman,O (2080)-Vancura,D (1747) Czech Republic 2014}) 11... c6 12. Bf3 d5 13. exd5 Nxd5 14. Nxd5 (14. Bxd5 {with more complications.} cxd5 15. Nxd5 b6 16. Rad1) 14... cxd5 15. Qxd5 (15. Bxd5 $2 Bf6 16. Qd3 {[#]} Rxe3 $1 17. Qxe3 Qxd5 $19) (15. Qd3 {is interesting.} Bf6 16. c3 Bf5 17. Qxf5 Rxe3 18. Bxd5 Qb6 19. Kh2) 15... Qxd5 16. Bxd5 Bf6 17. Kf2 Bxb2 18. Rab1 Bf6 19. c4 ({Much weaker is} 19. Bxb7 Bxb7 20. Rxb7 Rac8 $11) (19. Rfd1 $14) 19... Rb8 $1 $11 ({But not} 19... Bh4+ 20. Kf3 $16) 20. c5 {[%emt 0:21:17] [#] Strongly threatening c6.} Be6 21. Bxb7 {[%emt 0:01:00] Hoping for c6.} (21. Bxe6 {seems wilder.} Rxe6 22. Kf3 b6 23. cxb6 axb6 24. Rb3) 21... Bxa2 22. c6 $1 {[%emt 0:00:18] Black must now prevent c7.} Bxb1 23. Rxb1 Rxe3 24. Kxe3 {[%emt 0:00:44][%mdl 4096] Endgame KRB-KRB} Bd8 25. Kd4 Bc7 26. Kc5 Rd8 {[%emt 0:03:05] Prevents Rd1.} 27. Ba6 Re8 {[%emt 0:02:09] A mistake that costs the game.} (27... Bd6+ $14 28. Kc4 Bxf4) 28. Rb7 $18 Bxf4 29. c7 Bxc7 (29... Kf8 $142 30. Bb5 Rc8) 30. Rxc7 Re5+ 31. Kd4 Rg5 32. Bb7 {[%emt 0:01:40] And now Bd5 would win.} ({Don't play} 32. Rxa7 $6 Rxg2 33. Bb7 Rf2) 32... a5 $2 (32... g6 {is more resistant.} 33. Bd5 Rf5) 33. Bd5 Rf5 34. Rc8+ $2 {[%emt 0:00:07] Weighted Error Value: White=0.07 (flawless) /Black=0.31} (34. Be4 g6 35. Bxf5 gxf5 36. Ke5 Kg7 37. Kxf5 Kf8 38. Ra7 Ke8 39. Rxa5) 1-0

[Event "Kvika Banki League Iceland 2022-23"]
[Site "Reykjavik"]
[Date "2022.10.14"]
[Round "2.24"]
[White "Fridgeirsson, Dagur Andri"]
[Black "Kristjansson, Atli Freyr"]
[Result "1-0"]
[ECO "D53"]
[WhiteElo "1943"]
[BlackElo "2164"]
[Annotator "TA"]
[PlyCount "79"]
[EventDate "2022.10.13"]
[EventType "team-tourn"]
[EventCountry "ISL"]
[SourceTitle "playchess.com"]
[Source "ChessBase"]
[SourceQuality "1"]
[TimeControl "5400+30"]

1. d4 Nf6 2. c4 e6 3. Nf3 d5 4. Nc3 a6 5. Bg5 Be7 6. e3 h6 7. Bh4 Nbd7 8. cxd5 {[%emt 0:01:23] D53: Queen's Gambit Declined: 4 Bg5 Be7: Early deviations.} Nxd5 9. Bxe7 Qxe7 {[%emt 0:00:11] [#]} 10. e4 $146 {[%emt 0:01:03] White has an edge.} ({Predecessor:} 10. Bd3 Qb4 11. Qd2 Nxc3 12. bxc3 Qd6 13. O-O b6 14. e4 Bb7 15. a4 g5 16. a5 {0-1 (72) Nietsch,F (1549)-Mesic,R (1643) Lehrte 2016}) 10... Nxc3 11. bxc3 e5 12. Bd3 O-O 13. O-O c5 14. d5 Nf6 15. Nd2 b5 16. c4 Bd7 17. Qe2 b4 18. h3 a5 19. f4 Rae8 {[%emt 0:03:11] [#]} ({Black should play} 19... Ba4 $14) 20. Rae1 ({Better is} 20. fxe5 $1 $16 Qxe5 21. Qe3) 20... Nh7 (20... Ba4 $14) 21. Qf2 f6 22. Nb3 exf4 (22... Rc8 $16) 23. Nxc5 $18 Ng5 24. Qd4 $2 ({White should try} 24. Nxd7 $18 Qxd7 25. Qxf4) 24... f3 $1 $11 25. Nxd7 Qxd7 26. Re3 $1 f5 $2 (26... Re5 $11 {and Black has nothing to worry.}) 27. e5 $18 ({Not} 27. exf5 Qd6 $16) (27. gxf3 Nxh3+ 28. Kh2 fxe4 29. fxe4 Nf4 $15) 27... f4 (27... Qa4 {might work better.} 28. gxf3 f4) 28. Rexf3 Nxf3+ 29. Rxf3 g5 {[%emt 0:03:23] [#] ...Qg7 is the strong threat.} 30. Qe4 Qg7 (30... Rf6 $142 31. Rf2 Qe7) 31. e6 Rf6 32. c5 h5 33. Bb5 Re7 34. Bc4 {[%emt 0:01:50] Strongly threatening d6.} g4 35. Rf2 f3 36. d6 g3 37. Rxf3 {[%emt 0:01:58] Active counter play!} Rxf3 38. gxf3 ({Worse is} 38. Qxf3 Qd4+ 39. Kh1 Qxc4 $11) 38... Qa1+ 39. Kg2 Qb2+ 40. Qe2 {[%emt 0:00:51] Weighted Error Value: White=0.17 (very precise) /Black=0.81} 1-0

[Event "Kvika Banki League Iceland 2022-23"]
[Site "Reykjavik"]
[Date "2022.10.15"]
[Round "3.1"]
[White "Steingrimsson, Hedinn"]
[Black "Lomasov, Semyon"]
[Result "1/2-1/2"]
[ECO "A29"]
[WhiteElo "2512"]
[BlackElo "2541"]
[Annotator "TA"]
[PlyCount "66"]
[EventDate "2022.10.13"]
[EventType "team-tourn"]
[EventCountry "ISL"]
[SourceTitle "playchess.com"]
[Source "ChessBase"]
[SourceQuality "1"]
[TimeControl "5400+30"]

1. c4 e5 2. g3 Nf6 3. Bg2 Bc5 4. Nc3 Nc6 5. Nf3 d6 6. O-O O-O 7. e3 Bb6 {[%emt 0:00:57] A29: English Opening: Four Knights Variation with 4 g3.} 8. h3 {[%emt 0:08:47] [#]} Ne7 $146 (8... Ba5 $11) ({Predecessor:} 8... Be6 9. b3 h6 10. d4 exd4 11. exd4 Ne7 12. Na4 d5 13. Ne5 c6 14. Nxb6 axb6 15. Bb2 {0-1 (38) Fernandez,D (2476)-McShane,L (2687) London 2015}) 9. d4 $14 Ng6 {[%emt 0:02:24] White is slightly better.} 10. b4 {[%emt 0:08:33] [#] Hoping for c5.} c6 11. dxe5 Nxe5 12. Nxe5 dxe5 13. b5 {[%emt 0:01:47] The position is equal.} Be6 14. Ba3 (14. bxc6 {seems wilder.} bxc6 15. Ba3 Bxc4 16. Bxf8 Bxf1 17. Qxd8 Bxd8 18. Bxg7 Bxg2 19. Bxf6 Bxh3 20. Bxe5 Bf5 21. Kg2) 14... Bxc4 15. Bxf8 {[%emt 0:00:22] [#] aiming for Ba3.} Bxf1 (15... Qxf8 {is more complex.} 16. bxc6 Bxf1 17. Qxf1 bxc6 18. Na4 Qe8) 16. Qxd8 (16. Qxf1 {with more complications.} Qxf8 17. bxc6 bxc6 18. Na4) 16... Bxd8 17. Rxf1 Kxf8 18. bxc6 bxc6 19. Rc1 Bb6 20. Nb5 Rd8 21. Bxc6 Rc8 22. Nd6 Rc7 23. Nb5 Rc8 24. Nd6 Rc7 25. Rc4 Ke7 26. Nf5+ Kf8 27. g4 Ne8 28. Bd5 Rxc4 29. Bxc4 g6 30. Ng3 Nd6 31. Bd5 h6 32. Kg2 Kg7 33. h4 f5 {[%emt 0:01:11] Weighted Error Value: White=0.04 (flawless) /Black=0.02 (flawless)} 1/2-1/2

[Event "Kvika Banki League Iceland 2022-23"]
[Site "Reykjavik"]
[Date "2022.10.15"]
[Round "3.2"]
[White "Danielsen, Henrik"]
[Black "Kazakouski, Valery"]
[Result "0-1"]
[ECO "A46"]
[WhiteElo "2521"]
[BlackElo "2538"]
[Annotator "TA"]
[PlyCount "88"]
[EventDate "2022.10.13"]
[EventType "team-tourn"]
[EventCountry "ISL"]
[SourceTitle "playchess.com"]
[Source "ChessBase"]
[SourceQuality "1"]
[TimeControl "5400+30"]

1. d4 Nf6 2. Nf3 e6 3. g3 b5 4. Bg2 Bb7 5. O-O c5 6. c3 Na6 7. Bg5 Be7 8. Nbd2 O-O 9. a3 {[%emt 0:04:45] [#] A46: 1 d4 Nf6 2 Nf3 e6: Torre, London and Colle Systems.} Qb6 $1 $146 {[%emt 0:03:11][%mdl 8] A relevant novelty.} ({Predecessor:} 9... h6 10. Bxf6 Bxf6 11. b4 d6 12. e3 Qb6 13. Qe2 cxd4 14. cxd4 Rac8 15. Rfc1 Nb8 16. Nb3 Be4 {½-½ (45) Ramirez Alvarez,A (2568)-Perelshteyn,E (2513) Reykjavik 2018}) 10. e3 (10. e4 $14) 10... Rfc8 11. Qe2 {[%emt 0:02:47] The position is equal.} cxd4 12. exd4 Nc7 (12... h6 {feels hotter.} 13. Bxf6 Bxf6 14. Ne5 Bxg2 15. Kxg2 Bxe5 16. dxe5 Nc5) 13. Bxf6 (13. Ne5 {with more complications.} Bxg2 14. Kxg2 d6 15. Bxf6 Bxf6 16. Ng4) 13... Bxf6 14. Ne4 (14. Ne5 {feels hotter.} Bxg2 15. Kxg2 d6 16. Nd3) 14... Bxe4 15. Qxe4 d5 16. Qf4 a5 17. g4 Ne8 18. g5 Be7 19. Ne5 Nd6 20. Rfe1 Ra7 21. h4 Rf8 22. Qg4 (22. h5 {is interesting.} g6 23. Rad1 Ne8 24. Rd3) 22... Nc4 23. Nxc4 bxc4 24. Re2 Qb8 25. f4 (25. h5 $5 ) 25... Rb7 26. f5 $1 Rxb2 27. fxe6 Rb1+ 28. Re1 Rxe1+ (28... Rb2 $2 29. exf7+ Rxf7 30. Qh3 $16) 29. Rxe1 {[%emt 0:00:04] [#] aiming for exf7+.} f5 30. Qf3 Qb2 31. a4 g6 32. Re5 Qc1+ 33. Bf1 Rd8 34. Rxd5 Rxd5 35. Qxd5 Qxc3 {[%emt 0:00:12] [#] Strongly threatening ...Qg3+.} 36. Qxc4 $2 $11 {[%emt 0:02:22][%mdl 12288] Endgame KQB-KQB} ({But not} 36. Qe5 Qb4 37. Qc7 c3 $15) (36. Bxc4 $11 {and White stays safe.} Qe1+ 37. Kg2) 36... Qg3+ 37. Bg2 Qe1+ ({Weaker is} 37... Qxh4 38. Qc3) 38. Bf1 Qxh4 39. d5 Qxg5+ 40. Kf2 Qd2+ 41. Be2 Kg7 42. Kf1 Bd6 {[%emt 0:00:58] Inhibits Qc7+. ...Bg3 is the strong threat.} 43. Bd3 Qe3 {[%emt 0:00:46] Inhibits Qd4+. And now ...Bc5 would win.} 44. Qc3+ Kh6 {[%emt 0:00:14] Weighted Error Value: White=0.22 (precise) /Black=0.05 (flawless)} 0-1

[Event "Kvika Banki League Iceland 2022-23"]
[Site "Reykjavik"]
[Date "2022.10.15"]
[Round "3.3"]
[White "Ragnarsson, Dagur"]
[Black "Ahlander, Bjorn"]
[Result "1/2-1/2"]
[ECO "D38"]
[WhiteElo "2348"]
[BlackElo "2406"]
[Annotator "TA"]
[PlyCount "103"]
[EventDate "2022.10.13"]
[EventType "team-tourn"]
[EventCountry "ISL"]
[SourceTitle "playchess.com"]
[Source "ChessBase"]
[SourceQuality "1"]
[TimeControl "5400+30"]

1. d4 Nf6 2. c4 e6 3. Nf3 d5 4. Nc3 Bb4 5. Qa4+ Nc6 6. Bg5 h6 7. Bxf6 Qxf6 8. e3 O-O {[%emt 0:01:09] D38: Queen's Gambit Declined: Ragozin Defence (4 Nf3 Bb4).} 9. Be2 dxc4 10. Bxc4 Bd7 11. O-O {[%emt 0:03:11] [#]} Rad8 $146 ({Predecessor:} 11... Bxc3 12. bxc3 Qe7 13. Be2 b6 14. Rad1 Rfd8 15. Qc2 Na5 16. Ne5 Be8 17. Qe4 c5 {1-0 (35) Vidit,S (2723)-Sjugirov,S (2696) Chess.com INT 2022}) 12. Qc2 Rfe8 13. Rfd1 Bd6 14. Ne4 Qe7 15. Be2 e5 16. Nxd6 cxd6 17. d5 Nb8 18. Qc7 Bg4 19. Rac1 Nd7 20. h3 Bxf3 21. Bxf3 Nb6 22. Qc3 Rc8 23. Qa5 Rxc1 24. Rxc1 Ra8 (24... e4 {keeps more tension.} 25. Qxa7 exf3 26. Qxb6 Qg5) 25. e4 g6 26. Rc3 Kg7 27. Rb3 Qd8 (27... Rc8 $11) 28. Be2 Qc7 29. Rc3 Qd8 30. Rb3 Qc7 31. h4 h5 32. g3 Qc2 33. Bf1 {[%emt 0:02:54] Threatens to win with Rxb6.} Qc7 34. Rc3 Qd8 {[%emt 0:00:43] [#]} (34... Qd7 $14) 35. Bh3 $1 $16 Kf8 36. Rc2 (36. a4 $142) 36... Nd7 37. Qa3 {[%emt 0:06:41] White has more active pieces.} (37. Qb5 $16 Nb6 38. f3) 37... Nc5 $14 38. Rxc5 dxc5 39. Qxc5+ $11 {[%emt 0:00:04][%mdl 4096] Endgame KQR-KQB} Kg7 40. d6 Qf6 41. d7 {[%emt 0:01:47] Strongly threatening Qc8.} Rd8 42. Qxa7 b6 ({Better is} 42... g5 $1 $14) 43. Qc7 $18 Kf8 44. Qc3 (44. b4 $18) 44... Ke7 45. Qe3 Ra8 46. a3 Qd6 47. Qc3 (47. Qg5+ $16 Qf6 48. Qc1 (48. Qd2 Qc6 $16)) 47... Rd8 48. Kg2 (48. Qc1 $14) 48... Qd4 $11 {[%emt 0:00:28] [#] ...Qxc3 is the strong threat.} 49. Qc2 Kf8 50. Kg1 Ke7 (50... f5 $5) 51. Kg2 Kf8 52. Kg1 {[%emt 0:00:08] Weighted Error Value: White=0.15 (very precise) /Black=0.15 (very precise)} 1/2-1/2

[Event "Kvika Banki League Iceland 2022-23"]
[Site "Reykjavik"]
[Date "2022.10.15"]
[Round "3.4"]
[White "Gunnarsson, Arnar"]
[Black "Johannesson, Oliver"]
[Result "1-0"]
[ECO "D42"]
[WhiteElo "2397"]
[BlackElo "2205"]
[Annotator "TA"]
[PlyCount "53"]
[EventDate "2022.10.13"]
[EventType "team-tourn"]
[EventCountry "ISL"]
[SourceTitle "playchess.com"]
[Source "ChessBase"]
[SourceQuality "1"]
[TimeControl "5400+30"]

1. c4 c6 2. e4 d5 3. exd5 cxd5 4. cxd5 Nf6 5. Nc3 Nxd5 6. d4 Nc6 7. Nf3 e6 8. Bd3 Be7 9. O-O O-O 10. Re1 Nxc3 11. bxc3 b6 12. Qe2 Bb7 13. Qe4 g6 14. Bh6 Re8 {[%emt 0:00:38] D42: Queen's Gambit Declined: Semi-Tarrasch: 5 cxd5 Nxd5 6 e3 Nc6 7 Bd3 .} 15. Qg4 Bf6 {[%emt 0:04:59] [#]} 16. Ng5 $146 {[%emt 0:18:29] White has more active pieces.} ({Predecessor:} 16. Rad1 Bg7 17. Bxg7 Kxg7 18. Re3 Qf6 19. Rde1 Red8 20. Ng5 Rd5 21. h4 Nd8 22. Rf3 {0-1 (81) Biebinger,G (2290)-Meier,V (2240) Germany 1990}) 16... Bxg5 (16... Ne5 $2 17. dxe5 Bxg5 18. Qxg5 $18) ({Black should try} 16... Qd7 $14) 17. Bxg5 $16 ({Don't play} 17. Qxg5 $6 Qxg5 18. Bxg5 Kg7 $11) 17... f6 18. Bh6 f5 19. Qg3 Qd7 20. h4 Rac8 21. h5 Qf7 22. hxg6 hxg6 23. Bf4 {[%emt 0:04:59] A strong pair of Bishops.} Nb8 (23... Ne7 $142) 24. Bb5 Rf8 (24... Bc6) 25. Re3 $18 {[%emt 0:00:22] White is clearly winning.} a6 {[%emt 0:00:39] [#]} 26. Rae1 $1 Bd5 27. c4 {[%emt 0:04:46] Black did not feel at home in the position after the opening.  Weighted Error Value: White=0.04 (flawless) /Black=0.48} 1-0